SAAA
JERSEY CITY SUN CAPS @ BAGLEY LOONS
09/15/2019
 
TOP OF THE 1ST
Jersey City Sun Caps batting - Pitching for Bagley Loons : RHP Eric Lang
Pitching: RHP Eric Lang
Batting: RHB Oscar Lewis 0-0: Foul Ball, location: 2F
0-1: Fly out, F9 (Flyball, 89S)
Batting: LHB Jesús Pérez 0-0: Swinging Strike
0-1: Ball
1-1: Swinging Strike
1-2: Foul Ball, location: 2F
1-2: Strikes out swinging
Batting: RHB Gil Moore 0-0: Ball
1-0: Ground out 4-3 (Groundball, 4)
Top of the 1st over - 0 run(s), 0 hit(s), 0 error(s), 0 left on base; Jersey City 0 - Bagley 0
BOTTOM OF THE 1ST
Bagley Loons batting - Pitching for Jersey City Sun Caps : RHP Joseph Reed
Pitching: RHP Joseph Reed
Batting: RHB Javier Díaz 0-0: Ball
1-0: DOUBLE (Groundball, 3D)
Batting: RHB Adam Hennessey 0-0: Foul Ball, location: 2F
0-1: Foul Ball, location: 2F
0-2: Strikes out swinging
Batting: RHB Karl Schultz 0-0: Called Strike
0-1: Called Strike
0-2: Reached on error, E4 (Groundball, 4)
Javier Díaz to third
Batting: RHB Nick Simmons 0-0: Called Strike
0-1: Foul Ball, location: 2F
0-2: Ball
1-2: Ball
2-2: Fly out, F5 (Line Drive, 5L)
Batting: RHB Todd Blake 0-0: Called Strike
0-1: Ball
1-1: Ball
2-1: Fly out, F7 (Flyball, 7D)
Bottom of the 1st over - 0 run(s), 1 hit(s), 1 error(s), 2 left on base; Jersey City 0 - Bagley 0
TOP OF THE 2ND
Jersey City Sun Caps batting - Pitching for Bagley Loons : RHP Eric Lang
Batting: LHB Munemori Ohara 0-0: Foul Ball, location: 2F
0-1: Ball
1-1: Swinging Strike
1-2: Strikes out looking
Batting: LHB Harlan Price 0-0: Called Strike
0-1: Foul Ball, location: 2F
0-2: Strikes out swinging
Batting: RHB Christian O'Dell 0-0: Called Strike
0-1: Ball
1-1: Ground out 6-3 (Groundball, 6)
Top of the 2nd over - 0 run(s), 0 hit(s), 0 error(s), 0 left on base; Jersey City 0 - Bagley 0
BOTTOM OF THE 2ND
Bagley Loons batting - Pitching for Jersey City Sun Caps : RHP Joseph Reed
Batting: RHB Bill Dennis 0-0: Foul Ball, location: 2F
0-1: Ball
1-1: Ground out 5-3 (Groundball, 56)
Batting: RHB Allen Murphy 0-0: Fly out, F4 (Line Drive, 4M)
Batting: RHB Jason Dunn 0-0: Foul Ball, location: 2F
0-1: Swinging Strike
0-2: Ball
1-2: Ball
2-2: Ball
3-2: Strikes out swinging
Bottom of the 2nd over - 0 run(s), 0 hit(s), 0 error(s), 0 left on base; Jersey City 0 - Bagley 0
TOP OF THE 3RD
Jersey City Sun Caps batting - Pitching for Bagley Loons : RHP Eric Lang
Batting: RHB Carlos Vázquez 0-0: Swinging Strike
0-1: Foul Ball, location: 2F
0-2: Ball
1-2: Ball
2-2: Ball
3-2: Base on Balls
Batting: RHB Cliff May 0-0: Ball
1-0: Ball
2-0: Ball
3-0: Called Strike
3-1: SINGLE (Line Drive, 34D)
Carlos Vázquez to second
Batting: RHB Ken Miller 0-0: Swinging Strike
0-1: Ball
1-1: Called Strike
1-2: Foul Ball, location: 2F
1-2: Strikes out swinging
Batting: RHB Oscar Lewis 0-0: Swinging Strike
0-1: Ground out 4-3 (Groundball, 4M)
Carlos Vázquez to third
Cliff May to second
Batting: LHB Jesús Pérez 0-0: Called Strike
0-1: Ball
1-1: Ground out 6-3 (Groundball, 6M)
Top of the 3rd over - 0 run(s), 1 hit(s), 0 error(s), 2 left on base; Jersey City 0 - Bagley 0
BOTTOM OF THE 3RD
Bagley Loons batting - Pitching for Jersey City Sun Caps : RHP Joseph Reed
Batting: RHB Eddie O'Bryan 0-0: Foul Ball, location: 2F
0-1: Ball
1-1: Ground out 6-3 (Groundball, 6)
Batting: RHB Javier Díaz 0-0: Called Strike
0-1: Ball
1-1: Foul Ball, location: 2F
1-2: Strikes out swinging
Batting: RHB Adam Hennessey 0-0: SOLO HOME RUN (Flyball, 9LD), Distance : 325 ft
Batting: RHB Karl Schultz 0-0: Called Strike
0-1: Fly out, F8 (Flyball, 8LS)
Bottom of the 3rd over - 1 run(s), 1 hit(s), 0 error(s), 0 left on base; Jersey City 0 - Bagley 1
TOP OF THE 4TH
Jersey City Sun Caps batting - Pitching for Bagley Loons : RHP Eric Lang
Batting: RHB Gil Moore 0-0: Ball
1-0: Ball
2-0: Called Strike
2-1: Ball
3-1: Foul Ball, location: 2F
Single, Error in OF, E9, batter to second base
Batting: LHB Munemori Ohara 0-0: Ball
1-0: Ball
2-0: Ball
3-0: Called Strike
3-1: Fly out, F8 (Flyball, 89D)
Batting: LHB Harlan Price 0-0: Ball
1-0: Foul Ball, location: 2F
1-1: Ball
2-1: Foul Ball, location: 2F
2-2: Ground out 4-3 (Groundball, 4)
Gil Moore to third
Batting: RHB Christian O'Dell 0-0: Ball
1-0: Ball
2-0: Foul Ball, location: 2F
2-1: Foul Ball, location: 2F
2-2: Foul Ball, location: 2F
2-2: Ball
Wild Pitch!
Gil Moore scores
3-2: Strikes out looking
Top of the 4th over - 1 run(s), 1 hit(s), 1 error(s), 0 left on base; Jersey City 1 - Bagley 1
BOTTOM OF THE 4TH
Bagley Loons batting - Pitching for Jersey City Sun Caps : RHP Joseph Reed
Batting: RHB Nick Simmons 0-0: Called Strike
0-1: Called Strike
0-2: Foul Ball, location: 2F
0-2: Ball
1-2: Strikes out swinging
Batting: RHB Todd Blake 0-0: Called Strike
0-1: Ball
1-1: Fly out, F8 (Flyball, 78M)
Batting: RHB Bill Dennis 0-0: Swinging Strike
0-1: Ball
1-1: Ball
2-1: SINGLE (Groundball, 34D)
Batting: RHB Allen Murphy 0-0: Foul Ball, location: 2F
0-1: Ball
Bill Dennis steals 2nd base
1-1: Swinging Strike
1-2: Strikes out swinging
Bottom of the 4th over - 0 run(s), 1 hit(s), 0 error(s), 1 left on base; Jersey City 1 - Bagley 1
TOP OF THE 5TH
Jersey City Sun Caps batting - Pitching for Bagley Loons : RHP Eric Lang
Batting: RHB Carlos Vázquez 0-0: Called Strike
0-1: Ball
1-1: Foul Ball, location: 2F
1-2: Foul Ball, location: 2F
1-2: Ball
2-2: Strikes out looking
Batting: RHB Cliff May 0-0: Ball
1-0: Called Strike
1-1: Ground out 6-3 (Groundball, 6)
Batting: RHB Ken Miller 0-0: Ball
1-0: Called Strike
1-1: Ball
2-1: Ground out 5-3 (Groundball, 15S)
Top of the 5th over - 0 run(s), 0 hit(s), 0 error(s), 0 left on base; Jersey City 1 - Bagley 1
BOTTOM OF THE 5TH
Bagley Loons batting - Pitching for Jersey City Sun Caps : RHP Joseph Reed
Batting: RHB Jason Dunn 0-0: Foul Ball, location: 2F
0-1: Ground out 3-1 (Groundball, 34)
Batting: RHB Eddie O'Bryan 0-0: Ball
1-0: Foul Ball, location: 2F
1-1: Swinging Strike
1-2: Ball
2-2: Foul Ball, location: 2F
2-2: Strikes out swinging
Batting: RHB Javier Díaz 0-0: Fly out, F2 (Popup, 25F)
Bottom of the 5th over - 0 run(s), 0 hit(s), 0 error(s), 0 left on base; Jersey City 1 - Bagley 1
TOP OF THE 6TH
Jersey City Sun Caps batting - Pitching for Bagley Loons : RHP Eric Lang
Batting: RHB Oscar Lewis 0-0: Ball
1-0: Foul Ball, location: 2F
1-1: Swinging Strike
1-2: Ball
2-2: Ball
3-2: Foul Ball, location: 2F
3-2: Foul Ball, location: 2F
3-2: Base on Balls
Batting: LHB Jesús Pérez 0-0: Called Strike
0-1: Called Strike
Oscar Lewis steals 2nd base
0-2: Ball
1-2: Ball
2-2: Foul Ball, location: 2F
2-2: Foul Ball, location: 2F
2-2: Ball
3-2: Base on Balls
Batting: RHB Gil Moore 0-0: Ball
1-0: Called Strike
1-1: Ball
2-1: Ball
3-1: Base on Balls
Oscar Lewis to third
Jesús Pérez to second
Batting: LHB Munemori Ohara 0-0: Ball
1-0: Called Strike
1-1: Ball
2-1: Ball
3-1: Called Strike
3-2: SINGLE (Flyball, 56D)
Oscar Lewis scores
Jesús Pérez to third
Gil Moore to second
Runner from 3rd tries for Home, SAFE, throw made home
Gil Moore to third
Munemori Ohara to second
Batting: LHB Harlan Price 0-0: Fly out, F7 (Flyball, 78M)
Runner from 3rd tags up, SCORES, throw made
Batting: RHB Christian O'Dell 0-0: Called Strike
Munemori Ohara steals 3rd base
0-1: Called Strike
0-2: Fly out, F8 (Flyball, 8RS)
Batting: RHB Carlos Vázquez 0-0: Foul Ball, location: 2F
0-1: Foul Ball, location: 2F
0-2: Ball
1-2: Ball
2-2: Foul Ball, location: 2F
2-2: Ball
3-2: Foul Ball, location: 2F
3-2: Base on Balls
Pitching: RHP Rod Bakewell
Batting: RHB Cliff May 0-0: Foul Ball, location: 2F
0-1: Foul Ball, location: 2F
0-2: Strikes out looking
Top of the 6th over - 3 run(s), 1 hit(s), 0 error(s), 2 left on base; Jersey City 4 - Bagley 1
BOTTOM OF THE 6TH
Bagley Loons batting - Pitching for Jersey City Sun Caps : RHP Joseph Reed
Batting: RHB Adam Hennessey 0-0: Called Strike
0-1: Ball
1-1: Swinging Strike
1-2: Ball
2-2: Ball
3-2: Foul Ball, location: 2F
3-2: Base on Balls
Batting: RHB Karl Schultz 0-0: Ball
1-0: TRIPLE (Line Drive, 3L)
Adam Hennessey scores
Batting: RHB Nick Simmons 0-0: Called Strike
0-1: Swinging Strike
0-2: Ball
1-2: Reached on error, E5 (Groundball, 5S)
Karl Schultz scores
Batting: RHB Todd Blake 0-0: Called Strike
0-1: Ball
1-1: Foul Ball, location: 2F
1-2: Strikes out swinging
Batting: RHB Bill Dennis 0-0: Ball
1-0: Foul Ball, location: 2F
1-1: Called Strike
1-2: Strikes out swinging
Nick Simmons is caught stealing 2nd base
Batter strikes out.
Bottom of the 6th over - 2 run(s), 1 hit(s), 1 error(s), 0 left on base; Jersey City 4 - Bagley 3
TOP OF THE 7TH
Jersey City Sun Caps batting - Pitching for Bagley Loons : RHP Rod Bakewell
Batting: RHB Ken Miller 0-0: Ball
1-0: Ball
2-0: Called Strike
2-1: Ball
3-1: Called Strike
3-2: Foul Ball, location: 2F
3-2: Base on Balls
Pinch Hitting: LHB Jim Unknown 0-0: Called Strike
0-1: Swinging Strike
0-2: Ball
1-2: Foul Ball, location: 2F
1-2: Fly out, F6 (Popup, 56D)
Batting: LHB Jesús Pérez 0-0: Called Strike
0-1: Ball
1-1: Swinging Strike
1-2: SINGLE (Groundball, 2L) (infield hit)
Ken Miller to second
Batting: RHB Gil Moore 0-0: Swinging Strike
0-1: Ball
1-1: Called Strike
1-2: Ball
2-2: Grounds into double play, 4-6-3 (Groundball, 34)
Top of the 7th over - 0 run(s), 1 hit(s), 0 error(s), 1 left on base; Jersey City 4 - Bagley 3
BOTTOM OF THE 7TH
Bagley Loons batting - Pitching for Jersey City Sun Caps : RHP Joseph Reed
Now at 3B: Billy Wilson
Batting: RHB Allen Murphy 0-0: Called Strike
0-1: Foul Ball, location: 2F
0-2: Ball
1-2: Foul Ball, location: 2F
1-2: Ground out 6-3 (Groundball, 6)
Batting: RHB Jason Dunn 0-0: SOLO HOME RUN (Line Drive, 7LD), Distance : 346 ft
Pinch Hitting: RHB Karl Stevens 0-0: Foul Ball, location: 2F
0-1: Ball
1-1: Ball
2-1: Foul Ball, location: 2F
2-2: Foul Ball, location: 2F
2-2: Foul Ball, location: 2F
2-2: Fly out, F3 (Popup, 3SF)
Pinch Hitting: RHB Justin Miles 0-0: Called Strike
0-1: Ball
1-1: Called Strike
1-2: Ball
2-2: Fly out, F9 (Flyball, 9M)
Bottom of the 7th over - 1 run(s), 1 hit(s), 0 error(s), 0 left on base; Jersey City 4 - Bagley 4
TOP OF THE 8TH
Jersey City Sun Caps batting - Pitching for Bagley Loons : RHP Rod Bakewell
Now at 2B: Karl Stevens
Now in LF: Kenko Ueda
Batting: LHB Munemori Ohara 0-0: Ball
1-0: Ball
2-0: Ball
3-0: Base on Balls
Batting: LHB Harlan Price 0-0: Foul Ball, location: 2F
0-1: Fielders Choice at 2nd, 2-6 (Groundball, 2L)
Batting: RHB Christian O'Dell 0-0: Called Strike
0-1: Foul Ball, location: 2F
0-2: Ground out U3 (Groundball, 3S)
Harlan Price to second
Batting: RHB Carlos Vázquez 0-0: Ball
1-0: Called Strike
1-1: Foul Ball, location: 2F
1-2: Strikes out swinging
Top of the 8th over - 0 run(s), 0 hit(s), 0 error(s), 1 left on base; Jersey City 4 - Bagley 4
BOTTOM OF THE 8TH
Bagley Loons batting - Pitching for Jersey City Sun Caps : RHP Joseph Reed
Batting: RHB Adam Hennessey 0-0: Ball
1-0: Foul Ball, location: 2F
1-1: Called Strike
1-2: Ground out 4-3 (Groundball, 4)
Batting: RHB Karl Schultz 0-0: Called Strike
0-1: Swinging Strike
0-2: Strikes out swinging
Batting: RHB Nick Simmons 0-0: Called Strike
0-1: Swinging Strike
0-2: Ball
1-2: Strikes out swinging
Bottom of the 8th over - 0 run(s), 0 hit(s), 0 error(s), 0 left on base; Jersey City 4 - Bagley 4
TOP OF THE 9TH
Jersey City Sun Caps batting - Pitching for Bagley Loons : RHP Rod Bakewell
Pitching: RHP Artie Beardsall
Batting: RHB Cliff May 0-0: Ball
1-0: Called Strike
1-1: Foul Ball, location: 2F
1-2: Ball
2-2: Ground out 5-3 (Groundball, 56)
Batting: RHB Ken Miller 0-0: Ball
1-0: Ball
2-0: Ball
3-0: Called Strike
3-1: Called Strike
3-2: Ground out 6-3 (Groundball, 6)
Batting: RHB Billy Wilson 0-0: Called Strike
0-1: SOLO HOME RUN (Flyball, 78XD), Distance : 371 ft
Batting: LHB Jesús Pérez 0-0: Ball
1-0: Ball
2-0: Foul Ball, location: 2F
2-1: Ground out 4-3 (Groundball, 4)
Top of the 9th over - 1 run(s), 1 hit(s), 0 error(s), 0 left on base; Jersey City 5 - Bagley 4
BOTTOM OF THE 9TH
Bagley Loons batting - Pitching for Jersey City Sun Caps : RHP Joseph Reed
Pitching: RHP Jim Unknown
Batting: RHB Todd Blake 0-0: Ball
1-0: Ball
2-0: Called Strike
2-1: Swinging Strike
2-2: SINGLE (Line Drive, 6MD)
Batting: RHB Bill Dennis 0-0: Ball
1-0: Ball
2-0: Foul Ball, location: 2F
2-1: Grounds into double play, 5-4-3 (Groundball, 5)
Pinch Hitting: LHB Rafael García 0-0: Ball
1-0: Foul Ball, location: 2F
1-1: Ball
2-1: Ball
3-1: Ground out 4-3 (Groundball, 13)
Bottom of the 9th over - 0 run(s), 1 hit(s), 0 error(s), 0 left on base; Jersey City 5 - Bagley 4
This league is powered by Out of the Park Baseball, the baseball management simulation game for PC, Mac and Linux
Saturday, July 25th, 2015 - OOTP Baseball 15.6 Build 34